 Dungeon Crawl Stone Soup version 0.17.1-3-g152610e (webtiles) character file.

217 Mysteryquy the Chopper (level 5, 0/41 HPs)
             Began as a Demonspawn Fighter on Mar 2, 2016.
             Slain by a ball python (1 damage)
             ... in a sewer.
             The game lasted 00:05:12 (3844 turns).

Mysteryquy the Chopper (Demonspawn Fighter)         Turns: 3844, Time: 00:05:12

Health: 0/41       AC:  6    Str: 17    XL:     5   Next: 61%
Magic:  5/5        EV:  3    Int:  9    God:
Gold:   172        SH:  8    Dex: 13    Spells: 0 memorised, 4 levels left

rFire  . . .     SeeInvis .     a - +0 war axe
rCold  . . .     Clarity  .     b - +0 scale mail
rNeg   . . .     SustAt   .     c - +0 shield
rPois  .         Gourm    .     (no helmet)
rElec  .         Spirit   .     (no cloak)
rCorr  .         Warding  .     (no gloves)
rMut   .         Stasis   .     (no boots)
MR     .....                    (no amulet)
Stlth  ..........               (no ring)
                                (no ring)

@: constricted, not resistant to hostile enchantments, extremely unstealthy
A: claws 2, powered by pain 1
a: no special abilities


You were in a sewer.
You were not hungry.

You visited 1 branch of the dungeon, and saw 3 of its levels.
You also visited: Sewer.

You collected 172 gold pieces.

Inventory:

Hand Weapons
 a - a +0 war axe (weapon)
Armour
 b - a +0 scale mail (worn)
 c - a +0 shield (worn)
Jewellery
 j - a +2 ring of protection {unknown}
Wands
 l - a wand of polymorph (6)
Scrolls
 f - 4 scrolls of remove curse {unknown}
 g - 3 scrolls of teleportation {unknown}
 h - 7 scrolls of identify {unknown}
 m - 3 scrolls of amnesia {unknown}
 p - a scroll of fear {unknown}
 r - 2 scrolls of random uselessness {unknown}
Potions
 d - 2 potions of might
 i - a potion of invisibility {unknown}
 n - a potion of cancellation {unknown}
 o - 2 potions of curing {unknown}
 t - a potion of haste {unknown}
 u - 2 potions of brilliance {unknown}
Comestibles
 e - 2 bread rations
 k - 3 fruits
 q - a slice of pizza
 s - 2 meat rations


   Skills:
 - Level 3.0 Fighting
 + Level 5.3 Axes
 - Level 2.6 Armour
 - Level 0.4 Stealth
 - Level 2.6 Shields


You had 4 spell levels left.
You didn't know any spells.

Dungeon Overview and Level Annotations

Branches:
Dungeon (3/15)

Altars:

Annotations:
Sewer MovingMist's ghost, weakling DsAK


Innate Abilities, Weirdness & Mutations

You have very sharp fingernails.
You sometimes gain a little power by taking damage.


Message History

The ball python constricts you. You block MovingMist's ghost's attack.
The ball python bites you.
* * * LOW HITPOINT WARNING * * *
The ball python constricts you.
You hit the ball python.
The ball python is almost dead.
You barely miss MovingMist's ghost.
MovingMist's ghost is moderately damaged.
MovingMist's ghost hits you.
* * * LOW HITPOINT WARNING * * *
The ball python bites you.
* * * LOW HITPOINT WARNING * * *
The ball python constricts you.
You closely miss the ball python.
The ball python is almost dead.
Your shield and scale mail prevent you from hitting MovingMist's ghost.
MovingMist's ghost is moderately damaged.
The ball python bites you.
* * * LOW HITPOINT WARNING * * *
You die...

. .. ...
....#####################
.....≈≈≈≈≈≈≈≈≈≈≈≈≈≈≈≈≈..###
.....≈≈≈≈≈S†≈.≈≈≈≈≈≈≈≈....##
......≈≈≈≈≈@.≈≈≈≈≈≈≈≈≈≈....#
#....≈≈≈≈†W†..≈≈≈≈≈≈≈≈......
##...≈≈≈≈≈≈.≈≈≈≈≈≈≈≈≈≈......
###..≈≈≈≈≈≈≈≈≈≈≈≈≈≈≈≈......
#####################....
####... #..'... #..##..
#####..


You could see MovingMist's ghost and a ball python.

Vanquished Creatures
  5 river rats (Sewer)
  9 adders
  2 oozes (D:2)
  2 worms (D:2)
  A giant gecko (D:1)
  4 bats
  6 goblins
  5 hobgoblins
  10 jackals
  3 quokkas
  9 ball pythons
  3 giant cockroaches (D:1)
  2 giant newts
  8 kobolds
  24 rats
93 creatures vanquished.

Notes
Turn   | Place    | Note
--------------------------------------------------------------
     0 | D:1      | Mysteryquy the Demonspawn Fighter began the quest for the Orb.
     0 | D:1      | Reached XP level 1. HP: 18/18 MP: 1/1
   163 | D:1      | Gained mutation: You have sharp fingernails. [demonic ancestry]
   163 | D:1      | Reached XP level 2. HP: 9/24 MP: 2/2
   947 | D:2      | Gained mutation: You sometimes gain a little power by taking damage. [demonic ancestry]
   947 | D:2      | Reached XP level 3. HP: 12/29 MP: 3/3
  1424 | D:2      | Found a faded altar to an unknown god.
  1642 | D:2      | Reached XP level 4. HP: 35/35 MP: 4/4
  1702 | D:2      | Reached skill level 4 in Axes
  2471 | D:3      | Found a glowing drain.
  2479 | Sewer    | Entered a sewer
  2867 | Sewer    | Gained mutation: You have very sharp fingernails. [demonic ancestry]
  2867 | Sewer    | Reached XP level 5. HP: 35/41 MP: 5/5
  3221 | Sewer    | Reached skill level 5 in Axes
  3829 | Sewer    | Noticed MovingMist's ghost (weakling DsAK)
  3844 | Sewer    | HP: 1/41 [ball python (2)]
  3844 | Sewer    | Slain by a ball python

Action                   |  1- 3 |  4- 6 || total
-------------------------+-------+-------++-------
Melee: War axe           |   144 |   185 ||   329
  Eat: Chunk             |     2 |     8 ||    10
